 Dungeon Crawl Stone Soup version 0.14-a0-3329-g86b2fc4 (webtiles) character file.

191 Kae the Cudgeler (level 4, -4/39 HPs)
             Began as a Minotaur Fighter on Mar 16, 2014.
             Slain by an orc
             ... wielding a +0,+0 mace
              (8 damage)
             ... on Level 3 of the Dungeon.
             The game lasted 00:01:02 (2060 turns).

Kae the Cudgeler (Minotaur Fighter)                 Turns: 2060, Time: 00:01:02

HP  -4/39        AC  6     Str 25      XL: 4   Next: 59%
MP   2/2         EV  7     Int  6      God:
Gold 82          SH 19     Dex 10      Spells:  0 memorised,  3 levels left

rFire  . . .     SeeInvis .     a - +0 flail
rCold  . . .     Clarity  .     b - +0 scale mail
rNeg   . . .     Conserve .     c - +0 shield
rPois  .         rCorr    .     (helmet restricted)
rElec  .         rRot     .     (no cloak)
SustAb . .       Spirit   .     (no gloves)
rMut   .         Warding  .     (no boots)
Saprov . . .     Stasis   .     (no amulet)
MR     .....                    (no ring)
                                (no ring)

@: mighty, not resistant to hostile enchantments, extremely unstealthy
A: retaliatory headbutt, horns 2
a: no special abilities


You were on level 3 of the Dungeon.
You were hungry.

You visited 1 branch of the dungeon, and saw 3 of its levels.

You collected 82 gold pieces.

Inventory:

Hand weapons
 a - a +0,+0 flail (weapon)
Armour
 b - a +0 scale mail (worn)
 c - a +0 shield (worn)
Comestibles
 d - 2 bread rations
 g - 2 meat rations
 k - 3 apples
 s - a banana
Scrolls
 f - 4 scrolls of identify {unknown}
 o - a scroll of recharging {unknown}
 p - 2 scrolls of noise {unknown}
 q - a scroll of fear {unknown}
 t - a scroll of enchant weapon I {unknown}
 u - a scroll of remove curse {unknown}
 v - a scroll of random uselessness {unknown}
Jewellery
 l - an uncursed ring of fire {unknown}
 r - an uncursed ring of flight {unknown}
Potions
 h - a potion of flight {unknown}
 i - a potion of curing {unknown}
 j - a potion of agility {unknown}
 m - a potion of invisibility {unknown}
 n - a potion of haste {unknown}


   Skills:
 - Level 3.6 Fighting
 + Level 5.9 Maces & Flails
 - Level 3.6 Armour
 - Level 3.6 Shields


You had 3 spell levels left.
You didn't know any spells.

Dungeon Overview and Level Annotations

Branches:
Dungeon (3/15)

Altars:
Yredelemnul


Innate Abilities, Weirdness & Mutations

You reflexively headbutt those who attack you in melee.
You have a pair of horns on your head.


Message History

The orc hits you with a mace.
The orc priest mumbles some strange prayers to Beogh against you.
Pain shoots through your body!
* * * LOW HITPOINT WARNING * * *
Drink which item? (? for menu, Esc to quit)
You feel very mighty all of a sudden. The orc hits you with a mace.
* * * LOW HITPOINT WARNING * * *
The orc priest looks braver.
You sock the orc priest!
The orc priest is almost dead.
The orc hits you but does no damage. The orc priest hits you with a flail.
* * * LOW HITPOINT WARNING * * *
You closely miss the orc priest. You headbutt the orc priest.
You kill the orc priest!
You block the orc's attack.
You thump the orc!
The orc is almost dead.
The orc hits you with a mace!
You die...

...........# #.# ...........# #.#
...........# #.#
#####......####.#####
#.........#.....#
#.........#.....########
#####.........#.....##.....#
...................###.....#
..#########..(..@o.###.....######
.................)...............
...########......).###.....######
..........'........# #%....#
...########........###.....# ...#
#........'...##### ...####
##........###.#
......####..>.....## #.#
'#....##........#.# #.#


You could see an orc.

Vanquished Creatures
  An orc priest (D:3)
  3 adders (D:3)
  4 giant geckos
  An ooze (D:2)
  An orc (D:3)
  6 bats
  A giant cockroach (D:3)
  3 goblins
  5 hobgoblins
  5 jackals
  6 kobolds
  2 quokkas
  3 giant newts
  6 rats
47 creatures vanquished.

Notes
Turn   | Place    | Note
--------------------------------------------------------------
     0 | D:1      | Kae, the Minotaur Fighter, began the quest for the Orb.
     0 | D:1      | Reached XP level 1. HP: 19/19 MP: 1/1
   291 | D:1      | Reached XP level 2. HP: 21/26 MP: 1/1
   689 | D:2      | Reached skill level 4 in Maces & Flails
   934 | D:2      | Found a basalt altar of Yredelemnul.
   939 | D:2      | Reached XP level 3. HP: 31/31 MP: 2/2
  1433 | D:3      | Reached skill level 5 in Maces & Flails
  1673 | D:3      | Reached XP level 4. HP: 27/39 MP: 2/2
  2060 | D:3      | Slain by an orc

Action                   |  1- 3 |  4- 6 || total
-------------------------+-------+-------++-------
Melee: Flail             |   110 |    18 ||   128
  Use: Potion            |       |     1 ||     1
